| TOP OF THE 1ST |
|
Helena Brewers batting - Pitching for Kingsport Mets : RHP Brian Wood
|
|
Pitching: RHP Brian Wood
|
|
|
Batting: RHB Dustin Pryor
|
0-0: Foul Ball, location: 2F 0-1: Ball 1-1: Ball 2-1: SINGLE (Flyball, 3D, EV 98.8 MPH)
|
|
Batting: SHB Mike Williams
|
0-0: Ball Dustin Pryor steals 2nd, throwing error, E2 Dustin Pryor to third 1-0: Foul Ball, location: 2F 1-1: Foul Ball, location: 2F 1-2: Foul Ball, location: 2F 1-2: Ball 2-2: Strikes out swinging
|
|
Batting: SHB Robert Sayer
|
0-0: Ball 1-0: Called Strike 1-1: Foul Ball, location: 2F 1-2: Foul Ball, location: 2F 1-2: Foul Ball, location: 2F 1-2: Ground out 4-3 (Groundball, 4, EV 86.3 MPH) Dustin Pryor scores
|
|
Batting: SHB Craig Wright
|
0-0: Ground out 5-3 (Groundball, 56, EV 91.9 MPH)
|
| Top of the 1st over - 1 run, 1 hit, 1 error, 0 left on base; Helena 1 - Kingsport 0 |
| BOTTOM OF THE 1ST |
|
Kingsport Mets batting - Pitching for Helena Brewers : RHP Matysh Ekmalyan
|
|
Pitching: RHP Matysh Ekmalyan
|
|
|
Batting: RHB Josh Jones
|
0-0: SINGLE (Groundball, 5S, EV 73.1 MPH) (infield hit)
|
|
Batting: SHB Callum Lynch
|
0-0: Ground out 4-3 (Groundball, 34, EV 101.9 MPH) Josh Jones to second
|
|
Batting: RHB Steve Page
|
0-0: Ball 1-0: Ball 2-0: Foul Ball, location: 2F 2-1: Ball 3-1: Foul Ball, location: 2F 3-2: Base on Balls
|
|
Batting: RHB Kyle Holland
|
0-0: Foul Ball, location: 2F 0-1: Ball Passed Ball! Josh Jones to third Steve Page to second 1-1: Ball 2-1: Fly out, F7 (Flyball, 78D, EV 95.0 MPH) Runner from 3rd tags up, SCORES, throw by LF Steve Page to third
|
|
Batting: SHB Jason Evans
|
0-0: Fly out, F7 (Flyball, 7D, EV 91.9 MPH)
|
| Bottom of the 1st over - 1 run, 1 hit, 0 errors, 1 left on base; Helena 1 - Kingsport 1 |
| TOP OF THE 2ND |
|
Helena Brewers batting - Pitching for Kingsport Mets : RHP Brian Wood
|
|
Batting: LHB Pablo Cardona
|
0-0: Ball 1-0: SINGLE (Groundball, 6MD, EV 102.5 MPH)
|
|
Batting: RHB Dustin Hartman
|
0-0: Ball 1-0: Fielders Choice at 2nd, 6-4 (Groundball, 6, EV 79.4 MPH)
|
|
Batting: LHB Umar Matoub
|
0-0: Foul Ball, location: 2F 0-1: Ball 1-1: Called Strike 1-2: Ground out 3-1 (Groundball, 34S, EV 66.9 MPH) Dustin Hartman to second
|
|
Batting: RHB Dusty Bates
|
0-0: Ball 1-0: Fly out, F8 (Flyball, 8RD, EV 101.3 MPH)
|
| Top of the 2nd over - 0 runs, 1 hit, 0 errors, 1 left on base; Helena 1 - Kingsport 1 |
| BOTTOM OF THE 2ND |
|
Kingsport Mets batting - Pitching for Helena Brewers : RHP Matysh Ekmalyan
|
|
Batting: RHB Jerry Burch
|
0-0: Called Strike 0-1: SOLO HOME RUN (Line Drive, 78XD, EV 107.5 MPH), Distance : 413 ft
|
|
Batting: RHB Coltin Nellis
|
0-0: Called Strike 0-1: Ball 1-1: Ball 2-1: Swinging Strike 2-2: Ball 3-2: Base on Balls
|
|
Batting: RHB Danny Runberg
|
0-0: Ball 1-0: Foul Ball, location: 2F 1-1: Called Strike 1-2: Strikes out swinging
|
|
Batting: LHB Mototsune Suzuki
|
0-0: Swinging Strike 0-1: Called Strike 0-2: Ball 1-2: Strikes out swinging
|
|
Batting: RHB Josh Jones
|
0-0: Called Strike 0-1: Called Strike 0-2: Ball 1-2: DOUBLE (Line Drive, 3D, EV 103.8 MPH) Coltin Nellis to third
|
|
Batting: SHB Callum Lynch
|
0-0: Ball 1-0: Called Strike 1-1: Ball 2-1: Swinging Strike 2-2: Strikes out swinging
|
| Bottom of the 2nd over - 1 run, 2 hits, 0 errors, 2 left on base; Helena 1 - Kingsport 2 |
| TOP OF THE 3RD |
|
Helena Brewers batting - Pitching for Kingsport Mets : RHP Brian Wood
|
|
Batting: RHB Eli Valles
|
0-0: Called Strike 0-1: Ball 1-1: Swinging Strike 1-2: Foul Ball, location: 2F 1-2: Strikes out swinging
|
|
Batting: RHB Dustin Pryor
|
0-0: Swinging Strike 0-1: Ball 1-1: Foul Ball, location: 2F 1-2: Foul Ball, location: 2F 1-2: Foul Ball, location: 2F 1-2: Ball 2-2: Foul Ball, location: 2F 2-2: Foul Ball, location: 2F 2-2: Ball 3-2: Foul Ball, location: 2F 3-2: Foul Ball, location: 2F 3-2: Ground out U3 (Groundball, 3, EV 82.5 MPH)
|
|
Batting: SHB Mike Williams
|
0-0: Ground out U3 (Groundball, 3, EV 98.8 MPH)
|
| Top of the 3rd over - 0 runs, 0 hits, 0 errors, 0 left on base; Helena 1 - Kingsport 2 |
| BOTTOM OF THE 3RD |
|
Kingsport Mets batting - Pitching for Helena Brewers : RHP Matysh Ekmalyan
|
|
Batting: RHB Steve Page
|
0-0: Foul Ball, location: 2F 0-1: Ball 1-1: Called Strike 1-2: Foul Ball, location: 2F 1-2: Ball 2-2: Ground out 6-3 (Groundball, 6D, EV 100.0 MPH)
|
|
Batting: RHB Kyle Holland
|
0-0: Called Strike 0-1: Foul Ball, location: 2F 0-2: Ball 1-2: Ball 2-2: Ground out U3 (Groundball, 3S, EV 74.4 MPH)
|
|
Batting: SHB Jason Evans
|
0-0: Called Strike 0-1: Called Strike 0-2: Ball 1-2: Ball 2-2: Ground out 4-3 (Groundball, 34D, EV 102.5 MPH)
|
| Bottom of the 3rd over - 0 runs, 0 hits, 0 errors, 0 left on base; Helena 1 - Kingsport 2 |
| TOP OF THE 4TH |
|
Helena Brewers batting - Pitching for Kingsport Mets : RHP Brian Wood
|
|
Batting: SHB Robert Sayer
|
0-0: Swinging Strike 0-1: Foul Ball, location: 2F 0-2: Ground out 6-3 (Groundball, 6, EV 106.9 MPH)
|
|
Batting: SHB Craig Wright
|
0-0: Ball 1-0: Foul Ball, location: 2F 1-1: Ball 2-1: Foul Ball, location: 2F 2-2: Foul Ball, location: 2F 2-2: Ball 3-2: Base on Balls
|
|
Batting: LHB Pablo Cardona
|
0-0: Ball 1-0: Called Strike 1-1: Ball 2-1: Foul Ball, location: 2F 2-2: Foul Ball, location: 2F 2-2: Strikes out looking
|
|
Batting: RHB Dustin Hartman
|
0-0: Ball Craig Wright steals 2nd base 1-0: Called Strike 1-1: Ball 2-1: Fly out, F2 (Popup, 23F, EV 87.5 MPH)
|
| Top of the 4th over - 0 runs, 0 hits, 0 errors, 1 left on base; Helena 1 - Kingsport 2 |
| BOTTOM OF THE 4TH |
|
Kingsport Mets batting - Pitching for Helena Brewers : RHP Matysh Ekmalyan
|
|
Batting: RHB Jerry Burch
|
0-0: Ball 1-0: Ball 2-0: Ball 3-0: Base on Balls
|
|
Batting: RHB Coltin Nellis
|
0-0: Swinging Strike Jerry Burch is caught stealing 2nd base 2-4 0-1: Ball 1-1: Fly out, F7 (Flyball, 78S, EV 90.6 MPH)
|
|
Batting: RHB Danny Runberg
|
0-0: Called Strike 0-1: Ball 1-1: Swinging Strike 1-2: Ball 2-2: Ball 3-2: Base on Balls
|
|
Batting: LHB Mototsune Suzuki
|
0-0: SINGLE (Groundball, 6D, EV 101.9 MPH) Danny Runberg to second
|
|
Batting: RHB Josh Jones
|
0-0: Swinging Strike 0-1: Ball 1-1: Called Strike 1-2: Foul Ball, location: 2F 1-2: Ball 2-2: Strikes out looking
|
| Bottom of the 4th over - 0 runs, 1 hit, 0 errors, 2 left on base; Helena 1 - Kingsport 2 |
| TOP OF THE 5TH |
|
Helena Brewers batting - Pitching for Kingsport Mets : RHP Brian Wood
|
|
Batting: LHB Umar Matoub
|
0-0: Ball 1-0: Swinging Strike 1-1: Ball 2-1: Foul Ball, location: 2F 2-2: Foul Ball, location: 2F 2-2: Strikes out swinging
|
|
Batting: RHB Dusty Bates
|
0-0: Fly out, F8 (Flyball, 8LS, EV 91.3 MPH)
|
|
Batting: RHB Eli Valles
|
0-0: Ball 1-0: Called Strike 1-1: Ball 2-1: Ground out U3 (Groundball, 34, EV 102.5 MPH)
|
| Top of the 5th over - 0 runs, 0 hits, 0 errors, 0 left on base; Helena 1 - Kingsport 2 |
| BOTTOM OF THE 5TH |
|
Kingsport Mets batting - Pitching for Helena Brewers : RHP Matysh Ekmalyan
|
|
Batting: SHB Callum Lynch
|
0-0: Called Strike 0-1: Foul Ball, location: 2F 0-2: Ball 1-2: Ground out 4-3 (Groundball, 4, EV 88.1 MPH)
|
|
Pitching: RHP Sho Sekine
|
|
|
Batting: RHB Steve Page
|
0-0: Ball 1-0: Ground out 5-3 (Groundball, 56, EV 91.9 MPH)
|
|
Batting: RHB Kyle Holland
|
0-0: Foul Ball, location: 2F 0-1: Called Strike 0-2: Ball 1-2: Foul Ball, location: 2F 1-2: Strikes out swinging
|
| Bottom of the 5th over - 0 runs, 0 hits, 0 errors, 0 left on base; Helena 1 - Kingsport 2 |
| TOP OF THE 6TH |
|
Helena Brewers batting - Pitching for Kingsport Mets : RHP Brian Wood
|
|
Batting: RHB Dustin Pryor
|
0-0: Ball 1-0: SINGLE (Line Drive, 89S, EV 104.4 MPH)
|
|
Batting: SHB Mike Williams
|
0-0: Called Strike Dustin Pryor steals 2nd, throwing error, E2 Dustin Pryor to third 0-1: Ball 1-1: Fly out, F9 (Flyball, 9, EV 81.3 MPH)
|
|
Batting: SHB Robert Sayer
|
0-0: Called Strike 0-1: Ball 1-1: Ground out 5-3 (Groundball, 56S, EV 79.4 MPH)
|
|
Batting: SHB Craig Wright
|
0-0: Ball 1-0: Ball 2-0: Called Strike 2-1: Ball 3-1: SINGLE (Groundball, 6MD, EV 105.6 MPH) Dustin Pryor scores
|
|
Batting: LHB Pablo Cardona
|
0-0: Ball 1-0: Ball Craig Wright steals 2nd base 2-0: Foul Ball, location: 2F 2-1: Swinging Strike 2-2: Strikes out swinging
|
| Top of the 6th over - 1 run, 2 hits, 1 error, 1 left on base; Helena 2 - Kingsport 2 |
| BOTTOM OF THE 6TH |
|
Kingsport Mets batting - Pitching for Helena Brewers : RHP Sho Sekine
|
|
Batting: SHB Jason Evans
|
0-0: Reached on error, E6 (Groundball, 6MS, EV 65.0 MPH)
|
|
Batting: RHB Jerry Burch
|
0-0: Ball 1-0: Ball 2-0: Ball 3-0: Called Strike 3-1: Foul Ball, location: 2F 3-2: Base on Balls
|
|
Batting: RHB Coltin Nellis
|
0-0: Fielders Choice at 2nd, 4-6 (Groundball, 4M, EV 106.9 MPH) Jason Evans to third
|
|
Batting: RHB Danny Runberg
|
0-0: Called Strike 0-1: Ball 1-1: Swinging Strike 1-2: Strikes out swinging
|
|
Batting: LHB Mototsune Suzuki
|
0-0: Ball 1-0: Ground out 4-3 (Groundball, 4M, EV 100.0 MPH)
|
| Bottom of the 6th over - 0 runs, 0 hits, 1 error, 2 left on base; Helena 2 - Kingsport 2 |
| TOP OF THE 7TH |
|
Helena Brewers batting - Pitching for Kingsport Mets : RHP Brian Wood
|
|
Batting: RHB Dustin Hartman
|
0-0: Foul Ball, location: 2F 0-1: Ground out 4-3 (Groundball, 4M, EV 86.9 MPH)
|
|
Batting: LHB Umar Matoub
|
0-0: Ball 1-0: Ground out 6-3 (Groundball, 6, EV 98.8 MPH)
|
|
Batting: RHB Dusty Bates
|
0-0: Called Strike 0-1: Called Strike 0-2: Foul Ball, location: 2F 0-2: Fly out, F8 (Line Drive, 8LM, EV 88.8 MPH)
|
| Top of the 7th over - 0 runs, 0 hits, 0 errors, 0 left on base; Helena 2 - Kingsport 2 |
| BOTTOM OF THE 7TH |
|
Kingsport Mets batting - Pitching for Helena Brewers : RHP Sho Sekine
|
|
Pitching: RHP Guillermo Delgado
|
|
|
Batting: RHB Josh Jones
|
0-0: Ball 1-0: Ball 2-0: Swinging Strike 2-1: Ball 3-1: Base on Balls
|
|
Batting: SHB Callum Lynch
|
0-0: Called Strike Josh Jones steals 2nd base (no throw) 0-1: Called Strike 0-2: Foul Ball, location: 2F 0-2: Hit by Pitch
|
|
Batting: RHB Steve Page
|
0-0: Foul Ball, location: 2F 0-1: Grounds into double play, 4-6-3 (Groundball, 4M, EV 103.8 MPH) Josh Jones to third
|
|
Batting: RHB Kyle Holland
|
0-0: Ball 1-0: Foul Ball, location: 2F 1-1: Ball 2-1: Ball 3-1: Ground out 6-3 (Groundball, 6, EV 80.0 MPH)
|
| Bottom of the 7th over - 0 runs, 0 hits, 0 errors, 1 left on base; Helena 2 - Kingsport 2 |
| TOP OF THE 8TH |
|
Helena Brewers batting - Pitching for Kingsport Mets : RHP Brian Wood
|
|
Pinch Hitting: LHB Gabe Harvey
|
0-0: SINGLE (Line Drive, 8LS, EV 92.5 MPH)
|
|
Batting: RHB Dustin Pryor
|
0-0: Bunt missed! 0-1: Sac Bunt to 13S - play at first, batter OUT! 1-4 Gabe Harvey to second
|
|
Pitching: LHP Scott Carr
|
|
|
Batting: SHB Mike Williams
|
0-0: Swinging Strike 0-1: Hit by Pitch
|
|
Pinch Runner at 2nd David Lass:
|
|
|
Batting: SHB Robert Sayer
|
0-0: Ball 1-0: Swinging Strike 1-1: Foul Ball, location: 2F 1-2: Strikes out looking
|
|
Batting: SHB Craig Wright
|
0-0: Called Strike 0-1: Called Strike 0-2: Ball 1-2: Fly out, F9 (Flyball, 9LM, EV 86.9 MPH)
|
| Top of the 8th over - 0 runs, 1 hit, 0 errors, 2 left on base; Helena 2 - Kingsport 2 |
| BOTTOM OF THE 8TH |
|
Kingsport Mets batting - Pitching for Helena Brewers : RHP Guillermo Delgado
|
|
Pitching: RHP Brian Heimerman
|
|
|
Now in CF: David Lass
|
|
|
Now in RF: Mike Williams
|
|
|
Batting: SHB Jason Evans
|
0-0: Called Strike 0-1: Foul Ball, location: 2F 0-2: Ball 1-2: Fly out, F8 (Flyball, 8RD, EV 90.0 MPH)
|
|
Batting: RHB Jerry Burch
|
0-0: Foul Ball, location: 2F 0-1: Fly out, F8 (Flyball, 8LS, EV 83.8 MPH)
|
|
Batting: RHB Coltin Nellis
|
0-0: Swinging Strike 0-1: Called Strike 0-2: Strikes out swinging
|
| Bottom of the 8th over - 0 runs, 0 hits, 0 errors, 0 left on base; Helena 2 - Kingsport 2 |
| TOP OF THE 9TH |
|
Helena Brewers batting - Pitching for Kingsport Mets : LHP Scott Carr
|
|
Pinch Hitting: RHB Josh Nelson
|
0-0: Called Strike 0-1: Called Strike 0-2: Strikes out looking
|
|
Batting: RHB Dustin Hartman
|
0-0: Called Strike 0-1: Ball 1-1: Ball 2-1: Ground out 6-3 (Groundball, 6, EV 82.5 MPH)
|
|
Batting: LHB Umar Matoub
|
0-0: Ball 1-0: Ball 2-0: Ball 3-0: Called Strike 3-1: Swinging Strike 3-2: DOUBLE (Line Drive, 8LXD, EV 103.8 MPH)
|
|
Batting: RHB Dusty Bates
|
0-0: Intentional Walk
|
|
Pinch Hitting: RHB Juan Villanueva
|
0-0: Ground out U3 (Groundball, 34S, EV 78.1 MPH)
|
| Top of the 9th over - 0 runs, 1 hit, 0 errors, 2 left on base; Helena 2 - Kingsport 2 |
| BOTTOM OF THE 9TH |
|
Kingsport Mets batting - Pitching for Helena Brewers : RHP Brian Heimerman
|
|
Pitching: RHP Addick Huiberts
|
|
|
Now in LF: Josh Nelson
|
|
|
Now in CF: Juan Villanueva
|
|
|
Batting: RHB Danny Runberg
|
0-0: Called Strike 0-1: Swinging Strike 0-2: Foul Ball, location: 2F 0-2: Fly out, F9 (Flyball, 9LS, EV 88.8 MPH)
|
|
Batting: LHB Mototsune Suzuki
|
0-0: Ball 1-0: SINGLE (Groundball, 4D, EV 95.6 MPH)
|
|
Batting: RHB Josh Jones
|
0-0: Ground out 4-3 (Groundball, 34, EV 103.8 MPH) Mototsune Suzuki to second
|
|
Batting: SHB Callum Lynch
|
0-0: Ball 1-0: Ground out 6-3 (Groundball, 6, EV 85.0 MPH)
|
| Bottom of the 9th over - 0 runs, 1 hit, 0 errors, 1 left on base; Helena 2 - Kingsport 2 |
| TOP OF THE 10TH |
|
Helena Brewers batting - Pitching for Kingsport Mets : LHP Scott Carr
|
|
Pitching: LHP Mike Mathews
|
|
|
Batting: RHB Dustin Pryor
|
0-0: Called Strike 0-1: Foul Ball, location: 2F 0-2: TRIPLE (Flyball, 89XD, EV 94.4 MPH)
|
|
Batting: SHB Mike Williams
|
0-0: Ball 1-0: Fly out, F4 (Popup, 3D, EV 74.4 MPH)
|
|
Batting: SHB Robert Sayer
|
0-0: Ball 1-0: Ball 2-0: Called Strike 2-1: SINGLE (Flyball, 8LS, EV 101.3 MPH) Dustin Pryor scores
|
|
Batting: SHB Craig Wright
|
0-0: Ball Wild Pitch! Robert Sayer to second 1-0: Swinging Strike 1-1: SINGLE (Groundball, 56, EV 105.0 MPH) Robert Sayer to third Runner from 3rd tries for Home, SAFE, throw by LF to home
|
|
Batting: RHB Josh Nelson
|
0-0: Called Strike 0-1: Ball 1-1: Ball 2-1: Ball 3-1: Base on Balls Craig Wright to second
|
|
Batting: RHB Dustin Hartman
|
0-0: Ball 1-0: Ball 2-0: DOUBLE (Flyball, 8RXD, EV 96.9 MPH) Craig Wright scores Josh Nelson to third
|
|
Batting: LHB Umar Matoub
|
0-0: Ball 1-0: Called Strike 1-1: Foul Ball, location: 2F 1-2: Fly out, F9 (Flyball, 9D, EV 91.9 MPH) Runner from 3rd tags up, SCORES, no throw by RF
|
|
Pitching: RHP Marvin Merino
|
|
|
Batting: RHB Dusty Bates
|
0-0: Called Strike 0-1: Called Strike 0-2: Strikes out swinging
|
| Top of the 10th over - 4 runs, 4 hits, 0 errors, 1 left on base; Helena 6 - Kingsport 2 |
| BOTTOM OF THE 10TH |
|
Kingsport Mets batting - Pitching for Helena Brewers : RHP Addick Huiberts
|
|
Batting: RHB Steve Page
|
0-0: Ball 1-0: Called Strike 1-1: Foul Ball, location: 2F 1-2: Ball 2-2: Ball 3-2: Base on Balls
|
|
Batting: RHB Kyle Holland
|
0-0: Ball 1-0: Ball 2-0: Called Strike 2-1: Ball 3-1: Base on Balls Steve Page to second
|
|
Pitching: RHP Allen Gans
|
|
|
Batting: SHB Jason Evans
|
0-0: Grounds into double play, 4-6-3 (Groundball, 4, EV 99.4 MPH) Steve Page to third
|
|
Batting: RHB Jerry Burch
|
0-0: Ball Passed Ball! Steve Page scores 1-0: Ball 2-0: Foul Ball, location: 2F 2-1: Ground out U3 (Groundball, 3L, EV 81.9 MPH)
|
| Bottom of the 10th over - 1 run, 0 hits, 0 errors, 0 left on base; Helena 6 - Kingsport 3 |
|